 Dungeon Crawl Stone Soup version 0.26.1-11-gd32895ea62 (webtiles) character file.

Game seed: 14170029217454481744

282 Tirrikindir the Slasher (level 6, -1/43 HPs)
             Began as an Octopode Fighter on June 16, 2021.
             Slain by a hornet (14 damage)
             ... on level 7 of the Dungeon.
             The game lasted 00:05:42 (2660 turns).

Tirrikindir the Slasher (Octopode Fighter)          Turns: 2660, Time: 00:05:42

Health: -1/43      AC:  1    Str: 16    XL:     6   Next: 28%
Magic:  6/6        EV: 16    Int: 11    God:
Gold:   176        SH:  9    Dex: 12    Spells: 5/5 levels left

rFire    . . .     SeeInvis +   a - +0 long sword
rCold    . . .     Faith    .   b - +0 kite shield
rNeg     . . .     Spirit   .   (helmet restricted)
rPois    .         Reflect  .   f - amulet of magic regeneration
rElec    .         Harm     .   (no ring)
rCorr    .         Rampage  .   e - ring of see invisible
Will     .....                  j - ring of flight
Stlth    +++.......             k - +4 ring of evasion
HPRegen  0.14/turn              (no ring)
MPRegen  0.35/turn              (no ring)
                                (no ring)
                                (no ring)

@: mighty, lethally poisoned (-1 -> -4)
A: almost no armour, stealthy swim, amphibious, 8 rings, constrict 8, camouflage
1, gelatinous body 1
a: Evoke Flight


You were on level 7 of the Dungeon.
You visited 1 branch of the dungeon, and saw 5 of its levels.

You collected 176 gold pieces.

Inventory:

Hand Weapons
 a - a +0 long sword (weapon)
Missiles
 n - 5 boomerangs (quivered)
Armour
 b - a +0 kite shield (worn)
Jewellery
 d - an uncursed amulet of reflection
 e - a ring of see invisible (right tentacle)
 f - an amulet of magic regeneration (around mantle)
 j - a ring of flight (on tentacle)
 k - a +4 ring of evasion (on tentacle)
Scrolls
 g - a scroll of magic mapping
 o - a scroll of enchant weapon {unknown}
Potions
 h - 2 potions of brilliance
 i - a potion of heal wounds
 l - a potion of magic {unknown}
 m - 2 potions of curing


   Skills:
 + Level 3.9 Fighting
 * Level 4.0 Long Blades
 + Level 3.8 Dodging
 + Level 3.1 Stealth
 + Level 3.8 Shields


You had 5 spell levels left.
You didn't know any spells.
Your spell library was empty.

Dungeon Overview and Level Annotations

Branches:
Dungeon (4/15)
 Temple: D:4-7

Altars:


Innate Abilities, Weirdness & Mutations

You cannot wear most types of armour.
You are very stealthy in the water. (Stealth+)
You are amphibious.
You can wear up to eight rings at the same time.
You can use your tentacles to constrict eight enemies at once.
Your skin changes colour to match your surroundings (Stealth+).
Your rubbery body absorbs attacks. (AC +1, EV +1)


Message History

The gnoll hits you from afar with a +0 halberd.
You closely miss the hornet. You grab the hornet.
The hornet is heavily wounded.
You constrict the hornet.
You feel sick. You block the hornet's attack. The hornet completely misses you.
The gnoll closely misses you. You block the hornet's attack.
You barely miss the hornet.
The hornet is heavily wounded.
You feel yourself speed up.
You constrict the hornet.
You feel sick. The hornet completely misses you. The gnoll barely misses you.
You block the hound skeleton's attack. The hornet closely misses you.
The hound skeleton barely misses you. The hornet barely misses you.
The gnoll hits you from afar with a +0 halberd!
You completely miss the hound skeleton. Your grab misses the hound skeleton.
You constrict the hornet. The hornet misses you.
You riposte.
You hit the hornet.
The hornet is severely wounded.
The hound skeleton misses you. The hornet stings you!
You die...

............
#........... .
#...........
..##...........
..............#
.............
#..†.#.....
##.Z@.......
#..y........
#.....g...##
.......>.......
##(............
##.#..........
#..).....##..
...#....## ..
..y.#....P


You could see a hornet, a gnoll and a hound skeleton.

Vanquished Creatures
  A bullfrog (D:7)
  An orc priest (D:3)
  Terence (D:3)
  2 orc wizards
  3 gnolls (D:2)
  2 adders
  A shadow imp (D:7)
  3 worms
  5 orcs
  6 giant cockroaches
  4 goblins
  4 hobgoblins
  2 quokkas
  5 bats
  3 frilled lizards
  A jackal skeleton (D:4)
  3 kobolds
  8 rats
55 creatures vanquished.

Notes
Turn   | Place    | Note
-------+----------+-------------------------------------------
     0 | D:1      | Tirrikindir the Octopode Fighter began the quest for the
                  | Orb.
     0 | D:1      | Reached XP level 1. HP: 16/16 MP: 1/1
   579 | D:1      | Reached XP level 2. HP: 21/21 MP: 2/2
  1039 | D:2      | Reached skill level 1 in Stealth
  1059 | D:2      | Reached XP level 3. HP: 10/26 MP: 3/3
  1450 | D:2      | Reached XP level 4. HP: 10/31 MP: 4/4
  1746 | D:2      | Reached skill level 3 in Long Blades
  1934 | D:3      | Reached XP level 5. HP: 29/36 MP: 5/5
  2011 | D:3      | Noticed Terence
  2020 | D:3      | Killed Terence
  2649 | D:4      | You fall into a shaft and drop 3 floors!
  2650 | D:7      | Noticed a hornet
  2654 | D:7      | Reached skill level 4 in Long Blades
  2654 | D:7      | Reached XP level 6. HP: 38/43 MP: 6/6
  2660 | D:7      | Slain by a hornet

Illustrated notes

Levels and vault maps discovered:
D:1:      elethiomel_arrival_infinity_welcomes_careful_drivers, layout_basic
D:2:      layout_rooms
D:3:      layout_rooms, uniq_terence
D:4:      layout_loops_corners, gammafunk_temple_of_torment,
          minmay_temple_entry_drinking_statues, serial_shops, shop, uniq_edmund
D:7:      layout_cave_pools, serial_bayou, serial_bayou_pond_a,
          serial_bayou_crossing, serial_bayou_pond_c, serial_bayou_pond_d,
          minmay_guarded_unrand_staff_of_olgreb

Skill      XL: |  1  2  3  4  5 |
---------------+----------------+-----
Stealth        | 1 2 3 |  3.1
Long Blades    | 3 4 |  4.0
Fighting       | |  3.9
Dodging        | |  3.8
Shields        | |  3.8

Action                   |  1- 3 |  4- 6 || total
-------------------------+-------+-------++-------
Melee: Long sword        |    48 |    57 ||   105
       Constrict         |    19 |    19 ||    38
       Tentacles         |     8 |    13 ||    21
  Use: Scroll            |     7 |     4 ||    11
       Potion            |     1 |     1 ||     2
 Stab: Sleeping          |     5 |     4 ||     9
       Invisible         |     1 |       ||     1
Armor: Skin              |       |     1 ||     1
Dodge: Dodged            |    20 |    45 ||    65
Block: Kite shield       |    20 |    38 ||    58
       Rpst.: Long sword |     8 |     9 ||    17
